 Dungeon Crawl Stone Soup version 0.28.0-53-g5a82cb258f (webtiles) character file.

Game seed: 6362428800267474724

815 CuBeRJAN3 the Magician (level 7, -2/46 HPs)
             Began as a Demonspawn Fire Elementalist on May 14, 2022.
             Slain by Maggie
             ... wielding a +0 long sword of holy wrath
              (4 damage)
             ... on level 6 of the Dungeon on Aug 12, 2022.
             The game lasted 00:25:32 (6663 turns).

CuBeRJAN3 the Magician (DsFE)                       Turns: 6663, Time: 00:25:33

Health: -2/46      AC:  3    Str:  8    XL:     7   Next: 62%
Magic:  1/13       EV: 13    Int: 24    God:
Gold:   243        SH:  9    Dex: 14    Spells: 4/14 levels left

rFire   . . .      SeeInvis .   j - staff of conjuration
rCold   . . .      Faith    .   (no shield)
rNeg    . . .      Spirit   .   a - +0 robe
rPois   +          Reflect  +   (helmet restricted)
rElec   .          Harm     .   h - +0 cloak {Will+}
rCorr   .          Rampage  .   (no gloves)
Will    +....                   (no boots)
Stlth   ++........              t - amulet of reflection
HPRegen 0.15/turn               i - ring of poison resistance
MPRegen 0.13/turn               d - +6 ring of intelligence

@: mesmerised
A: horns 1, large bone plates 1, demonic guardian 1, ignite blood 1
a: no special abilities


You were on level 6 of the Dungeon.
You visited 1 branch of the dungeon, and saw 6 of its levels.

You collected 243 gold pieces.

Inventory:

Hand Weapons
 b - a +2 dagger of flaming
Armour
 a - a +0 robe (worn)
 h - a +0 cloak of willpower (worn)
Magical Staves
 j - a staff of conjuration (weapon)
Jewellery
 c - a ring of positive energy
 d - a +6 ring of intelligence (right hand)
 i - a ring of poison resistance (left hand)
 r - a ring of positive energy
 t - an amulet of reflection (around neck)
Wands
 l - a wand of digging (6)
Scrolls
 e - a scroll of acquirement {unknown}
 f - 2 scrolls of identify
 m - 2 scrolls of noise
 o - a scroll of brand weapon {unknown}
 q - a scroll of holy word {unknown}
 s - a scroll of teleportation {unknown}
 u - a scroll of fog {unknown}
 v - 2 scrolls of blinking
Potions
 g - 2 potions of lignification {unknown}
 k - a potion of heal wounds {unknown}
 n - 2 potions of berserk rage {unknown}
 p - 2 potions of curing {unknown}
 w - a potion of brilliance {unknown}


   Skills:
 + Level 2.0 Staves
 + Level 3.4 Dodging
 + Level 3.7 Stealth
 + Level 4.1 Spellcasting
 + Level 3.3 Conjurations
 + Level 2.0 Hexes
 + Level 4.0 Fire Magic


You had 4 spell levels left.
You knew the following spells:

 Your Spells              Type           Power      Damage    Failure   Level
a - Foxfire               Conj/Fire      100%       2x1d9     2%          1
b - Scorch                Fire           48%        2d7       2%          2
c - Conjure Flame         Conj/Fire      34%        6-21      6%          3
d - Inner Flame           Hex/Fire       19%        N/A       9%          3
e - Slow                  Hex            56%        N/A       4%          1

Your spell library contained the following spells:

 Spells                   Type           Power      Damage    Failure   Level
 Confusing Touch          Hex            14%        N/A       13%         3
 Flame Wave               Conj/Fire      34%        2d8       22%         4
 Frozen Ramparts          Ice            8%         1d2       28%         3
 Vampiric Draining        Necr           4%         2d6       28%         3
 Ice Form                 Ice/Tmut       4%         N/A       67%         4
 Summon Ice Beast         Ice/Summ       4%         N/A       67%         4


Dungeon Overview and Level Annotations

Branches:
Dungeon (6/15)
 Temple: D:4-7

Altars:
Qazlal
Zin

Annotations:
D:4 Sigmund
D:5 exclusion: yak
D:6 Maggie


Innate Abilities, Weirdness & Mutations

You have a pair of small horns on your head.
You are partially covered in large bone plates. (SH +4)
A weak demonic guardian rushes to your aid.
Your demonic aura sometimes causes spilled blood to erupt in flames.


Message History

Confirm with . or Enter, or press ? or * to list all spells.
Flames lash the hound.
The hound is heavily wounded.
The hound's fire resistance burns away.
You block Maggie's attack.
Casting: Scorch (safe; 2% risk of failure)
Confirm with . or Enter, or press ? or * to list all spells.
Flames lash the hound.
The hound is burned terribly!
You kill the hound!
Maggie casts a spell at you. The bolt of fire hits you!
A demonic guardian appears!
The bolt of fire hits your iron imp.
Your iron imp completely resists.
Your Hexes skill increases to level 2!
Casting: Scorch (safe; 2% risk of failure)
Confirm with . or Enter, or press ? or * to list all spells.
Flames lash Maggie but do no damage.
Maggie closely misses you.
Casting: Scorch (safe; 2% risk of failure)
Confirm with . or Enter, or press ? or * to list all spells.
Flames lash Maggie.
Maggie is lightly wounded.
Maggie's fire resistance burns away.
Maggie casts a spell.
Maggie draws you further into her thrall.
Casting: Scorch (safe; 2% risk of failure)
Confirm with . or Enter, or press ? or * to list all spells.
Flames lash Maggie.
Maggie is burned terribly!
Maggie is moderately wounded.
Maggie hits you with a +0 long sword of holy wrath!
A demonic guardian appears!
You convulse.
Casting: Scorch (safe; 2% risk of failure)
Confirm with . or Enter, or press ? or * to list all spells.
Flames lash Maggie but do no damage.
Maggie hits you with a +0 long sword of holy wrath!
* * * LOW HITPOINT WARNING * * *
You convulse.
* * * LOW HITPOINT WARNING * * *
You closely miss Maggie.
Maggie is moderately wounded.
Maggie hits you with a +0 long sword of holy wrath.
You die...

#..# #..#
#..# #..#
# #..#
####.#..#
.......†#
#@# ##@#
#55# ####


You could see Maggie (mesmerising, combustible, ally target), a friendly iron
imp (summoned) and a friendly quasit (summoned).

Vanquished Creatures
  2 ogres (D:5)
  A gnoll sergeant (D:5)
  A scorpion (D:5)
  A water moccasin skeleton (D:5)
  A centaur zombie (D:5)
  2 hounds
  Crazy Yiuf (D:2)
  An orc priest (D:2)
  A bullfrog skeleton (D:5)
  2 iguanas (D:5)
  Robin (D:3)
  5 gnolls (D:5)
  8 adders
  A white imp (D:5)
  An ufetubus (D:5)
  An adder skeleton (D:4)
  4 worms
  3 dart slugs
  8 orcs
  4 ball pythons
  8 endoplasms
  5 giant cockroaches
  8 goblins
  9 hobgoblins
  4 jackals
  5 kobolds
  A quokka (D:1)
  6 bats
  6 frilled lizards
  3 rats
104 creatures vanquished.

Vanquished Creatures (collateral kills)
  6 foxfires (D:3)
6 creatures vanquished.

Vanquished Creatures (others)
  244 foxfires
244 creatures vanquished.

Grand Total: 354 creatures vanquished

Notes
Turn   | Place    | Note
-------+----------+-------------------------------------------
     0 | D:1      | CuBeRJAN3 the Demonspawn Fire Elementalist began the quest
                  | for the Orb.
     0 | D:1      | Reached XP level 1. HP: 13/13 MP: 3/3
   340 | D:1      | Found a faded altar of an unknown god.
   350 | D:1      | Gained mutation: Your demonic aura sometimes causes spilled
                  | blood to erupt in flames. [demonic ancestry]
   350 | D:1      | Reached XP level 2. HP: 19/19 MP: 0/5
   353 | D:1      | Learned a level 2 spell: Scorch
  1195 | D:1      | Upgraded the game from 0.28.0-49-g6dfe1f597d to
                  | 0.28.0-53-g5a82cb258f
  1355 | D:2      | Reached XP level 3. HP: 24/24 MP: 3/6
  2140 | D:2      | Found a runed translucent door.
  2141 | D:2      | Noticed Crazy Yiuf
  2551 | D:2      | Killed Crazy Yiuf
  2552 | D:2      | Gained mutation: You are partially covered in large bone
                  | plates. (SH +4) [demonic ancestry]
  2552 | D:2      | Reached XP level 4. HP: 30/30 MP: 0/8
  3191 | D:3      | Reached XP level 5. HP: 35/35 MP: 5/9
  3327 | D:3      | Learned a level 3 spell: Conjure Flame
  3331 | D:3      | Learned a level 3 spell: Inner Flame
  4099 | D:4      | Noticed a necrophage
  4274 | D:4      | Noticed Sigmund
  4332 | D:4      | Noticed Robin
  4551 | D:3      | Killed Robin
  4871 | D:4      | Noticed an ogre
  4994 | D:4      | Learned a level 1 spell: Slow
  5464 | D:5      | Entered Level 5 of the Dungeon
  5484 | D:5      | Gained mutation: You have a pair of small horns on your
                  | head. [demonic ancestry]
  5484 | D:5      | Reached XP level 6. HP: 41/41 MP: 4/11
  5609 | D:5      | Found a stormy altar of Qazlal.
  5722 | D:5      | Reached skill level 1 in Staves
  5800 | D:5      | Reached skill level 1 in Hexes
  6005 | D:5      | Noticed a yak
  6006 | D:5      | Noticed a yak
  6051 | D:5      | Gained mutation: A weak demonic guardian rushes to your
                  | aid. [demonic ancestry]
  6051 | D:5      | Reached XP level 7. HP: 46/46 MP: 4/12
  6651 | D:6      | Noticed Maggie
  6662 | D:6      | HP: 2/46 [Maggie/+0 long sword of holy wrath (5)]
  6663 | D:6      | Slain by Maggie

Illustrated notes

Levels and vault maps discovered:
D:1:      minmay_arrival_three_doors, layout_loops_ring,
          hellmonk_ecumenical_altar_run_dry, minmay_misc_feat_plants
D:2:      layout_basic, serial_curves, eino_curves_03, eino_curves_02,
          chequers_jeans, st_stairs_8, uniq_crazy_yiuf_cottage
D:3:      layout_basic, serial_forest, infiniplex_forest_diagonal,
          infiniplex_forest_clump_double, infiniplex_forest_straight_2,
          infiniplex_forest_clump_small, infiniplex_forest_fountain,
          infiniplex_forest_end_3, infiniplex_forest_pool,
          infiniplex_forest_fountain, infiniplex_forest_lined_room_3
D:4:      layout_basic, minmay_misc_feat_room, minivault_19, uniq_sigmund,
          uniq_robin
D:5:      cheibrodos_helix_gallery, layout_basic, nicolae_overflow_squiral,
          mainiacjoe_overflow_small_starburst
D:6:      layout_basic, mainiacjoe_overflow_concentric_impassable,
          temple_fountains, minmay_manual_mess, uniq_maggie, uniq_edmund,
          uniq_grinder, uniq_eustachio

Skill      XL: |  1  2  3  4  5  6  7 |
---------------+----------------------+-----
Stealth        | 2 3 |  3.7
Dodging        | 2 3 |  3.4
Fire Magic     | 3 4 |  4.0
Spellcasting   | 3 4 |  4.1
Conjurations   | 2 3 |  3.3
Staves         | 1 2 |  2.0
Hexes          | 1 2 |  2.0

Action                   |  1- 3 |  4- 6 |  7- 9 || total
-------------------------+-------+-------+-------++-------
Melee: Dagger            |    12 |       |       ||    12
       Punch             |     1 |       |       ||     1
       Staff             |       |    19 |     2 ||    21
       Headbutt          |       |     1 |       ||     1
 Cast: Foxfire           |    60 |    83 |    23 ||   166
       Scorch            |    14 |    38 |    11 ||    63
       Slow              |       |       |     1 ||     1
  Use: Scroll            |       |       |     2 ||     2
Armor: Robe              |       |    11 |       ||    11
Dodge: Dodged            |     9 |    31 |     1 ||    41
Block: Other             |       |     8 |     3 ||    11
